 Dungeon Crawl Stone Soup version 0.28.0 (webtiles) character file.

Game seed: 15879649381698346492

56 Hasart the Covered (level 3, -4/31 HPs)
             Began as a Demigod Fighter on Feb 14, 2022.
             Killed from afar by a white imp (9 damage)
             ... with a puff of frost
             ... summoned by Natasha
             ... on level 2 of the Dungeon.
             The game lasted 00:02:34 (2112 turns).

Hasart the Covered (Demigod Fighter)                Turns: 2112, Time: 00:02:35

Health: -4/31      AC:  6    Str: 17    XL:     3   Next: 47%
Magic:  5/5        EV:  9    Int: 10    God:
Gold:   39         SH:  5    Dex: 17    Spells: 2/2 levels left

rFire   . . .      SeeInvis .   a - +0 long sword
rCold   . . .      Faith    .   c - +0 buckler
rNeg    . . .      Spirit   .   b - +0 scale mail
rPois   .          Reflect  .   (no helmet)
rElec   .          Harm     .   (no cloak)
rCorr   .          Rampage  .   (no gloves)
Will    .....                   (no boots)
Stlth   ..........              (no amulet)
HPRegen 0.10/turn               (no ring)
MPRegen 0.09/turn               (no ring)

@: slowed, very slow
A: high MP 1, forlorn, divine attributes
a: no special abilities


You were on level 2 of the Dungeon.
You visited 1 branch of the dungeon, and saw 2 of its levels.

You collected 39 gold pieces.

Inventory:

Hand Weapons
 a - a +0 long sword (weapon)
Armour
 b - a +0 scale mail (worn)
 c - a +0 buckler (worn)
Scrolls
 f - a scroll of enchant armour {unknown}
Potions
 d - a potion of might
 e - a potion of magic {unknown}


   Skills:
 + Level 3.1 Fighting
 + Level 2.3 Long Blades
 + Level 3.2 Armour
 + Level 3.1 Shields


You had 2 spell levels left.
You didn't know any spells.
Your spell library contained the following spells:

 Spells                   Type           Power      Damage    Failure   Level
 Freeze                   Ice            0%         1d3       86%         1
 Sting                    Tmut/Pois      0%         1d3       86%         1
 Poisonous Vapours        Pois/Air       0%         N/A       94%         2
 Static Discharge         Conj/Air       0%         N/A       94%         2
 Olgreb's Toxic Radiance  Pois           0%         N/A       100%        4
 Maxwell's Capacitive Co  Air            0%         ∞         100%        8
 Polar Vortex             Ice            0%         N/A       100%        9


Dungeon Overview and Level Annotations

Branches:
Dungeon (2/15)

Annotations:
D:2 Natasha


Innate Abilities, Weirdness & Mutations

You have an increased reservoir of magic. (+10% MP)
You shall have no god before yourself.
Your divine heritage dramatically boosts your attributes as you level up.


Message History

Natasha closely misses you. Natasha casts a spell at you.
The magic dart hits you.
You barely miss Natasha.
Natasha is lightly wounded.
The shadow imp spits at you.
Natasha casts a spell.
You closely miss Natasha.
Natasha is lightly wounded.
Natasha stares at you and mumbles some strange words.
You feel yourself slow down.
You slash Natasha!
Natasha is heavily wounded.
You block Natasha's attack. Natasha claws you but does no damage.
You completely miss Natasha.
Natasha is heavily wounded.
The shadow imp disappears in a puff of smoke!
You block Natasha's attack. The iron imp hits you.
Natasha howls an incantation.
Natasha shimmers violently.
Natasha claws you.
The iron imp hits you but does no damage.
You hit Natasha.
Natasha is almost dead.
Natasha barely misses you.
The iron imp hits you but does no damage.
Natasha mumbles some strange words.
Unknown command.
You barely miss Natasha.
Natasha is almost dead.
Natasha barely misses you. The iron imp closely misses you.
Natasha claws you but does no damage.
The iron imp hits you but does no damage.
You miss Natasha.
Natasha is almost dead.
Natasha claws you. The iron imp hits you.
* * * LOW HITPOINT WARNING * * *
The white imp gestures at you. The puff of frost hits you!
You die...

####.# . ## ##.## .# ..
#...# .## ##.# #...# ...
...### #...# ###.# #......
###<..##### #... ..)....
.........>####.#####h......
.)...............#.........
..........###...@#.#.......
###...##### #..55h.#.......
#...# #........#.......
#...# #........#.######
#...# #..........# ##.##
#.#.....#### #. ###
#.##..... ..# #. ...####
##.# ###.


You could see an iron imp (summoned), Natasha and a white imp (summoned).

Vanquished Creatures
  2 gnolls (D:1)
  3 ball pythons
  5 endoplasms
  2 giant cockroaches (D:1)
  2 goblins (D:1)
  2 hobgoblins (D:1)
  6 jackals (D:1)
  2 kobolds (D:1)
  3 quokkas (D:1)
  3 bats
  A frilled lizard (D:1)
31 creatures vanquished.

Vanquished Creatures (others)
  22 plants (D:1)
22 creatures vanquished.

Grand Total: 53 creatures vanquished

Notes
Turn   | Place    | Note
-------+----------+-------------------------------------------
     0 | D:1      | Hasart the Demigod Fighter began the quest for the Orb.
     0 | D:1      | Reached XP level 1. HP: 18/18 MP: 3/3
   211 | D:1      | Reached XP level 2. HP: 15/25 MP: 4/4
   462 | D:1      | Got the Papyrus of the Special Bones
   491 | D:1      | HP: 1/26 [jackal (2)]
  1113 | D:1      | Reached XP level 3. HP: 21/31 MP: 5/5
  2095 | D:2      | Noticed Natasha
  2112 | D:2      | Killed from afar by a white imp

Illustrated notes

Levels and vault maps discovered:
D:1:      ncdulo_wetmaze, layout_rooms,
          dreamdust_ecumenical_altar_angels_and_demons, nicolae_grassy_gnolls
D:2:      layout_loops_cross, basic_altar, uniq_terence, uniq_natasha

Skill      XL: |  1  2 |
---------------+-------+-----
Long Blades    | 2 |  2.3
Fighting       | 3 |  3.1
Armour         | 3 |  3.2
Shields        | 3 |  3.1

Action                   || total
-------------------------++-------
Melee: Long sword        ||   114
Armor: Scale mail        ||    60
Dodge: Dodged            ||    56
Block: Buckler           ||    32
